 Dungeon Crawl Stone Soup version 0.23.0 (webtiles) character file.

Game seed: 5440544021544648506

19311 Syrinius the Zephyrmancer (level 12, -15/73 HPs)
             Began as a Tengu Air Elementalist on Feb 17, 2019.
             Was a High Priest of Kikubaaqudgha.
             Demolished by a spiny frog (18 damage)
             ... on level 1 of the Lair of Beasts.
             The game lasted 01:27:06 (14394 turns).

Syrinius the Zephyrmancer (Tengu Air Elementalist) Turns: 14394, Time: 01:27:07

Health: -15/73     AC: 14    Str:  9    XL:     12   Next: 67%
Magic:  1/24       EV: 20    Int: 21    God:    Kikubaaqudgha [*****.]
Gold:   650        SH:  0    Dex: 19    Spells: 4/25 levels left

rFire    . . .     SeeInvis .   L - +4 dagger of Vanity {pierce, Int+2}
rCold    . . .     Gourm    .   (no shield)
rNeg     . . .     Faith    .   b - quicksilver dragon scales
rPois    +         Spirit   .   (helmet restricted)
rElec    .         Reflect  .   (no cloak)
rCorr    .         Harm     .   q - +2 pair of gloves
MR       +....                  (boots unavailable)
Stlth    ++........             (no amulet)
HPRegen  0.22/turn              G - +3 ring of dexterity
MPRegen  0.19/turn              u - ring of poison resistance

@: flying quickly and evasively, quick
A: beak, talons 3, able to fly
a: Stop Flying, Receive Corpses, Torment, Renounce Religion


You were on level 1 of the Lair of Beasts.
You worshipped Kikubaaqudgha.
Kikubaaqudgha was extremely pleased with you.
You were very hungry.

You visited 3 branches of the dungeon, and saw 15 of its levels.

You collected 695 gold pieces.
You spent 45 gold pieces at shops.

Inventory:

Hand Weapons
 w - a +0 blowgun
 I - a +2 dagger of electrocution
 L - the +4 dagger of Vanity (weapon) {pierce, Int+2}
   (You took it off an orc wizard on level 11 of the Dungeon)

   It inflicts extra damage upon your enemies.
   It affects your intelligence (+2).
 O - a +0 falchion
Missiles
 p - 7 poisoned javelins
 v - 3 needles of sleeping
 y - a throwing net (quivered)
Armour
 b - quicksilver dragon scales (worn)
 q - a +2 pair of gloves (worn)
 F - a +0 leather armour
Jewellery
 e - an uncursed ring of protection from cold
 g - an uncursed ring of fire
 r - an uncursed ring of see invisible
 u - a ring of poison resistance (right hand)
 G - a +3 ring of dexterity (left hand)
Wands
 m - a wand of digging (13)
 M - a wand of polymorph (4)
 N - a wand of enslavement (4)
 R - a wand of flame (8)
Scrolls
 a - a scroll of noise {unknown}
 f - 6 scrolls of teleportation
 k - 2 scrolls of amnesia
 n - a scroll of acquirement {unknown}
 o - 2 scrolls of blinking
 s - 3 scrolls of remove curse
 A - 2 scrolls of enchant armour
 D - 2 scrolls of magic mapping {unknown}
 H - 3 scrolls of enchant weapon {unknown}
 J - 2 scrolls of random uselessness {unknown}
 K - 4 scrolls of fear
 P - a scroll of summoning {unknown}
 S - 3 scrolls of vulnerability {unknown}
Potions
 h - 3 potions of mutation
 i - a potion of berserk rage
 j - a potion of lignification
 l - 9 potions of curing
 t - 2 potions of brilliance
 z - 3 potions of resistance
 B - 4 potions of haste
 C - 2 potions of might
 E - 2 potions of heal wounds
 Q - 2 potions of ambrosia
Comestibles
 c - 19 rations
 d - 4 chunks of flesh


   Skills:
 + Level 7.7 Fighting
 - Level 6.0 Armour
 + Level 9.5 Dodging
 - Level 2.0 Stealth
 + Level 7.4 Spellcasting
 + Level 10.4 Conjurations
 - Level 3.0 Charms
 + Level 6.5 Necromancy
 - Level 2.0 Translocations
 - Level 12.0 Air Magic
 - Level 2.0 Poison Magic


You had 4 spell levels left.
You knew the following spells:

 Your Spells              Type           Power        Failure   Level  Hunger
a - Shock                 Conj/Air       ####         1%          1    None
b - Airstrike             Air            ######....   1%          4    ###....
c - Apportation           Tloc           ###...       9%          1    None
d - Lightning Bolt        Conj/Air       ######....   5%          5    #####..
e - Regeneration          Chrm/Necr      ####......   9%          3    None
f - Mephitic Cloud        Conj/Pois/Air  #####...     2%          3    None
g - Animate Dead          Necr           N/A          14%         4    ###....

Your spell library contained the following spells:

 Spells                   Type           Power        Failure   Level  Hunger
 Animate Skeleton         Necr           N/A          1%          1    None
 Magic Dart               Conj           ####         1%          1    None
 Pain                     Necr           ####         1%          1    None
 Swiftness                Chrm/Air       #####...     1%          2    None
 Static Discharge         Conj/Air       ######..     1%          3    None
 Corpse Rot               Necr           N/A          2%          2    None
 Sublimation of Blood     Necr           #####.....   2%          2    None
 Conjure Flame            Conj/Fire      ####....     8%          3    None
 Dazzling Spray           Conj/Hex       ####..       8%          3    None
 Blink                    Tloc           N/A          14%         2    None
 Confusing Touch          Hex            #.....       21%         1    None
 Corona                   Hex            #......      21%         1    None
 Summon Small Mammal      Summ           #...         21%         1    None
 Call Imp                 Summ           #.......     30%         2    None
 Ensorcelled Hibernation  Hex/Ice        #.....       30%         2    None
 Slow                     Hex            #.......     30%         2    None
 Confuse                  Hex            #.......     52%         3    None
 Tukima's Dance           Hex            #.......     52%         3    None
 Bolt of Draining         Conj/Necr      #####.....   17%         5    #####..
 Agony                    Necr           #####...     36%         5    #####..
 Dispel Undead            Necr           #####...     36%         5    #####..
 Borgnjor's Vile Clutch   Necr/Erth      ###.......   83%         5    #####..


Dungeon Overview and Level Annotations

Branches:
Dungeon (13/15)            Temple (1/1) D:6            Lair (1/6) D:10
    Orc (0/2) D:11
 Vaults: D:13-14

Altars:
Ashenzari
Cheibriados
Dithmenos
Elyvilon
Gozag
Hepliaklqana
Kikubaaqudgha
Makhleb
Nemelex Xobeh
Okawaru
Qazlal
Ru
Sif Muna
Vehumet
Wu Jian
The Shining One

Shops:
D:7 *

Portals:
Trove: D:10 (give horn of Geryon)

Annotations:
D:9 exclusion: ice statue
D:10 horn of geryon trove


Innate Abilities, Weirdness & Mutations

You have a beak for a mouth.
You have claws for feet.
You can fly continuously.


Message History

Evoke which item? (* to show all) (? for menu, Esc to quit)
Aiming: Paralyse
Press: ? - help, Shift-Dir - straight line, f/p - spiny frog
Aim: a spiny frog (severely wounded, chance to defeat MR: 46%)
The spiny frog resists with some effort.
The now-empty wand crumbles to dust.
The spiny frog misses you.
Evoke which item? (* to show all) (? for menu, Esc to quit)
Aiming: Enslavement
Press: ? - help, Shift-Dir - straight line, f/p - spiny frog
Aim: a spiny frog (severely wounded, chance to defeat MR: 46%)
The spiny frog resists with some effort.
The spiny frog misses you.
Evoke which item? (* to show all) (? for menu, Esc to quit)
Aiming: Enslavement
Press: ? - help, Shift-Dir - straight line, f/p - spiny frog
Aim: a spiny frog (severely wounded, chance to defeat MR: 46%)
The spiny frog resists with some effort.
The spiny frog completely misses you. The spiny frog stings you!!
You die...
Kikubaaqudgha rasps: "You have failed me!
Welcome... death!"

.. ......... #..
#....#
##..##########..P#####
......................
......................
...........###.####..#
...........###.#P# .#
........F......... .
.........@........
#..##########...#. #
#..#### .P# ... ...


You could see a spiny frog.

Vanquished Creatures
  A hydra (Lair:1)
  Erolcha (D:9)
  An ogre mage (D:11)
  3 two-headed ogres
  An ugly thing (D:12)
  A manticore (D:11)
  A deep elf mage (D:12)
  2 centaur zombies
  A spiny frog (Lair:1)
  A gargoyle (D:10)
  2 kobold demonologists (D:12)
  A komodo dragon (Lair:1)
  2 trolls (D:11)
  Prince Ribbit (D:9)
  2 hippogriffs
  Grum (D:8)
  A vampire (D:12)
  22 yaks
  A wyvern (D:11)
  3 hungry ghosts
  3 wargs (D:11)
  A soldier ant (D:11)
  Duvessa (D:7)
  A porcupine (D:10)
  6 orc warriors
  An ice beast (D:5)
  3 sky beasts
  8 ogres
  4 black bears
  3 wolves
  6 centaurs
  3 big kobolds
  3 crocodiles (D:10)
  8 bullfrogs
  A gnoll sergeant (D:12)
  Dowan (D:7)
  8 scorpions
  14 killer bees
  4 wights (D:10)
  4 crimson imps
  A bullfrog zombie (D:5)
  5 jellies
  A quasit (D:12)
  10 orc priests
  5 hounds
  12 orc wizards
  A bullfrog skeleton (D:9)
  A centaur skeleton (D:6)
  5 iguanas
  6 worker ants
  3 killer bee zombies
  A worker ant zombie (D:11)
  15 gnolls
  10 adders
  3 shadow imps
  3 oozes
  2 adder skeletons
  2 worms (D:2)
  3 dart slugs
  7 leopard geckos
  53 orcs
  3 ball pythons
  2 giant cockroaches
  16 goblins
  6 hobgoblins
  16 jackals
  10 quokkas
  6 bats
  9 frilled lizards
  A jackal skeleton (D:7)
  11 kobolds
  A leopard gecko skeleton (D:7)
  7 rats
369 creatures vanquished.

Vanquished Creatures (collateral kills)
  A yak (D:12)
  A water moccasin (Lair:1)
  A hound (D:12)
  A quokka (D:12)
4 creatures vanquished.

Vanquished Creatures (others)
  5 fungi
  2 plants (D:10)
7 creatures vanquished.

Grand Total: 380 creatures vanquished

Notes
Turn   | Place    | Note
-------+----------+-------------------------------------------
     0 | D:1      | Syrinius the Tengu Air Elementalist began the quest for the
                  | Orb.
     0 | D:1      | Reached XP level 1. HP: 10/10 MP: 4/4
   160 | D:1      | Reached XP level 2. HP: 11/15 MP: 4/6
   380 | D:1      | Reached XP level 3. HP: 19/19 MP: 2/7
  1023 | D:1      | Reached skill level 5 in Air Magic
  1023 | D:1      | Reached XP level 4. HP: 14/24 MP: 4/8
  1029 | D:1      | Learned a level 4 spell: Airstrike
  1645 | D:2      | Gained mutation: You can fly continuously. [Tengu growth]
  1645 | D:2      | Reached XP level 5. HP: 28/28 MP: 5/9
  2323 | D:3      | Reached skill level 1 in Armour
  2728 | D:3      | Reached XP level 6. HP: 32/32 MP: 5/11
  3060 | D:4      | Reached skill level 6 in Air Magic
  3518 | D:4      | Learned a level 1 spell: Apportation
  3908 | D:4      | Found an iron altar of Okawaru.
  3908 | D:4      | Found a white marble altar of Elyvilon.
  3955 | D:5      | Entered Level 5 of the Dungeon
  3972 | D:5      | Noticed an ice beast
  3980 | D:5      | Reached XP level 7. HP: 34/36 MP: 5/12
  4161 | D:5      | Reached skill level 7 in Air Magic
  4459 | D:5      | Reached XP level 8. HP: 38/41 MP: 6/14
  4643 | D:5      | Reached skill level 8 in Air Magic
  4650 | D:5      | Reached skill level 1 in Fighting
  4937 | D:5      | Learned a level 5 spell: Lightning Bolt
  5005 | D:6      | Found a staircase to the Ecumenical Temple.
  5010 | Temple   | Entered the Ecumenical Temple
  5053 | Temple   | Became a worshipper of Kikubaaqudgha
  5401 | D:6      | Reached skill level 5 in Armour
  5483 | D:6      | Reached skill level 5 in Dodging
  5483 | D:6      | Reached skill level 9 in Air Magic
  5676 | D:6      | Reached skill level 5 in Conjurations
  5676 | D:6      | Reached XP level 9. HP: 46/49 MP: 5/16
  6104 | D:7      | Found Ittur's General Store.
  6124 | D:7      | Bought a scroll of fear for 45 gold pieces
  6185 | D:7      | Reached * piety under Kikubaaqudgha
  6185 | D:7      | Identified Kikubaaqudgha's Almanac of Necromancy
                  | (Kikubaaqudgha gifted it to you on level 7 of the Dungeon)
  6185 | D:7      | Received a gift from Kikubaaqudgha
  6200 | D:7      | Learned a level 3 spell: Regeneration
  6236 | D:7      | Noticed Dowan
  6237 | D:7      | Noticed Duvessa
  6254 | D:7      | Killed Duvessa
  6267 | D:7      | Killed Dowan
  6428 | D:7      | Reached skill level 1 in Necromancy
  6535 | D:7      | Reached skill level 10 in Air Magic
  6853 | D:7      | Found a stormy altar of Qazlal.
  6859 | D:7      | Found a snail-covered altar of Cheibriados.
  6905 | D:7      | Reached skill level 1 in Charms
  6991 | D:7      | Reached skill level 5 in Spellcasting
  7101 | D:8      | Noticed a two-headed ogre
  7272 | D:8      | Killed a two-headed ogre
  7272 | D:8      | Reached XP level 10. HP: 56/56 MP: 6/19
  7343 | D:8      | Noticed Grum
  7450 | D:8      | Killed Grum
  7454 | D:8      | Reached ** piety under Kikubaaqudgha
  8011 | D:9      | Found a hazy altar of Hepliaklqana.
  8406 | D:9      | Noticed Erolcha
  8411 | D:9      | Killed Erolcha
  8496 | D:9      | Noticed an ice statue
  8506 | D:9      | Noticed Prince Ribbit
  8510 | D:9      | Killed Prince Ribbit
  8715 | D:10     | Entered Level 10 of the Dungeon
  8777 | D:10     | Reached skill level 5 in Fighting
  8791 | D:10     | Found a portal to a secret trove of treasure.
  8966 | D:10     | Noticed a gargoyle
  9074 | D:10     | Reached skill level 11 in Air Magic
  9209 | D:10     | Learned a level 3 spell: Mephitic Cloud
  9446 | D:10     | Killed a gargoyle
  9446 | D:10     | Reached skill level 1 in Poison Magic
  9446 | D:10     | Reached XP level 11. HP: 64/64 MP: 8/21
  9566 | D:10     | Reached skill level 1 in Translocations
  9566 | D:10     | Reached *** piety under Kikubaaqudgha
  9566 | D:10     | Identified Kikubaaqudgha's Compendium of Stolen Souls
                  | (Kikubaaqudgha gifted it to you on level 10 of the Dungeon)
  9566 | D:10     | Received a gift from Kikubaaqudgha
  9732 | D:10     | Found a staircase to the Lair.
 10350 | D:11     | Noticed an ogre mage
 10355 | D:11     | Killed an ogre mage
 10467 | D:11     | Noticed a manticore
 10612 | D:11     | Identified the +4 dagger of Vanity {pierce, Int+2}
 11005 | D:11     | Learned a level 4 spell: Animate Dead
 11057 | D:11     | Noticed a two-headed ogre
 11058 | D:11     | Found a staircase to the Orcish Mines.
 11122 | D:11     | Killed a two-headed ogre
 11465 | D:11     | Reached **** piety under Kikubaaqudgha
 11703 | D:11     | Killed a manticore
 11912 | D:12     | Noticed a red ugly thing
 12046 | D:12     | Noticed a deep elf mage
 12053 | D:12     | Killed a deep elf mage
 12053 | D:12     | Reached skill level 12 in Air Magic
 12299 | D:12     | Noticed a two-headed ogre
 12323 | D:12     | Killed a two-headed ogre
 12323 | D:12     | Reached skill level 5 in Necromancy
 12323 | D:12     | Reached XP level 12. HP: 71/71 MP: 1/22
 13574 | D:12     | Reached ***** piety under Kikubaaqudgha
 13842 | D:10     | Reached skill level 10 in Conjurations
 13888 | Lair:1   | Entered Level 1 of the Lair of Beasts
 14294 | Lair:1   | Noticed a six-headed hydra
 14379 | Lair:1   | Killed a six-headed hydra
 14390 | Lair:1   | HP: 2/73 [spiny frog (15)]
 14394 | Lair:1   | Demolished by a spiny frog

Skill      XL: |  1  2  3  4  5  6  7  8  9 10 11 12 |
---------------+-------------------------------------+-----
Conjurations   | 2 3 4 5 6 8 9 10 | 10.4
Air Magic      | 5 6 7 9 10 11 12 | 12.0
Dodging        | 3 4 5 6 7 8 9 |  9.5
Armour         | 1 2 4 5 6 |  6.0
Spellcasting   | 3 4 5 6 7 |  7.4
Fighting       | 2 4 5 6 7 |  7.7
Necromancy     | 2 4 5 6 |  6.5
Charms         | 2 3 |  3.0
Poison Magic   | 1 2 |  2.0
Translocations | 2 |  2.0
Stealth        | |  2.0

Action                   |  1- 3 |  4- 6 |  7- 9 | 10-12 || total
-------------------------+-------+-------+-------+-------++-------
Melee: Dagger            |    25 |    63 |   132 |   324 ||   544
       Kick              |     8 |    16 |    34 |   106 ||   164
       Peck              |     1 |     7 |    12 |    59 ||    79
Throw: Throwing net      |       |       |       |     1 ||     1
 Cast: Shock             |    45 |   116 |   164 |   236 ||   561
       Airstrike         |       |       |    25 |    32 ||    57
       Lightning Bolt    |       |       |       |    49 ||    49
       Apportation       |       |       |       |     7 ||     7
       Mephitic Cloud    |       |       |       |     8 ||     8
       Animate Dead      |       |       |       |     6 ||     6
       Regeneration      |       |       |       |     5 ||     5
 Abil: Fly               |       |     1 |       |       ||     1
Evoke: Wand              |       |       |     6 |    12 ||    18
  Use: Scroll            |       |    10 |     3 |     6 ||    19
 Stab: Paralysed         |       |       |     7 |       ||     7
       Sleeping          |       |       |     1 |     1 ||     2
       Confused          |       |       |       |     5 ||     5
       Distracted        |       |       |       |     1 ||     1
  Eat: Chunk             |       |    11 |    15 |    41 ||    67
Armor: Robe              |     3 |       |       |       ||     3
       Quicksilver drago |       |    25 |    65 |   117 ||   207
Dodge: Dodged            |    25 |    51 |   122 |   363 ||   561
